AoeStats
← Micropartícula

Arabia

509751263Analyzed
1v1 RM · 5d ago on Sep 27, 2026· 55m 5s· 2 players
Game mode
Random Map
Map size
Tiny (2 player)
Population
200
Speed
Normal
Resources
Standard
Victory
Conquest
Starting age
Dark Age
Ending age
Imperial Age
RankedLock teamsTeams togetherTeam positionsShared explorationLock speedFull tech treeHidden civsTurbo modeCheats
Victory
Defeat
🇦🇷 Franks · Argentina
1149
+16
🇨🇱 Mongols · Chile
1153
-16
Ivanlamo01
7:13 Loom
9:54 Feudal Age
14:58 Double-Bit Axe
21:30 Castle Age
21:19 Fletching
22:00 Gold Mining
24:22 Bodkin Arrow
25:41 Husbandry
27:54 Elite Skirmisher
31:56 Wheelbarrow
34:51 Imperial Age
32:49 Forging
32:45 Scale Barding Armor
35:18 Iron Casting
35:03 Chain Barding Armor
36:28 Gold Shaft Mining
36:46 Cavalier
38:12 Bow Saw
39:17 Blast Furnace
41:02 Padded Archer Armor
47:18 Plate Barding Armor
46:32 Paladin
49:06 Scale Mail Armor
49:24 Leather Archer Armor
51:16 Stone Mining
52:06 Hand Cart
Micropartícula
3:24 Loom
9:34 Feudal Age
10:18 Double-Bit Axe
13:31 Horse Collar
21:40 Castle Age
20:18 Fletching
20:29 Padded Archer Armor
21:46 Crossbowman
24:29 Ballistics
29:55 Bodkin Arrow
31:25 Wheelbarrow
32:39 Town Watch
33:14 Leather Archer Armor
33:36 Forging
33:32 Scale Barding Armor
33:55 Bloodlines
35:11 Gold Mining
39:13 Imperial Age
39:23 Cavalier
39:27 Arbalester
49:03 Light Cavalry
50:31 Hussar
51:43 Heavy Plow
51:21 Pikeman
52:57 Iron Casting
52:42 Chain Barding Armor
52:24 Scale Mail Armor
Connection lost

Rejoining the realm…

Still unreachable

The connection could not be restored.

Session expired

The server has moved on; the page needs a fresh start.